 Dungeon Crawl Stone Soup version 0.20.1-1-g8b1a95d (console) character file.

5681 hilaritas the Cleaver (level 11, -3/90 HPs)
             Began as a Formicid Fighter on Mar 9, 2018.
             Was a Follower of the Shining One.
             Slain by Grum
             ... wielding a +0 spear
              (5 damage)
             ... on level 8 of the Dungeon.
             The game lasted 00:18:32 (8091 turns).

hilaritas the Cleaver (Formicid Fighter)            Turns: 8091, Time: 00:18:32

Health: -3/90      AC: 11    Str: 25    XL:     11   Next: 4%
Magic:  16/16      EV:  8    Int:  7    God:    the Shining One [*.....]
Gold:   366        SH: 12    Dex: 10    Spells: 8/10 levels left

rFire    . . .     SeeInvis +   a - +1 war axe
rCold    . . .     Gourm    +   c - +1 shield
rNeg     . . .     Faith    .   k - +0 chain mail
rPois    .         Spirit   .   (helmet unavailable)
rElec    .         Reflect  .   z - +0 cloak
rCorr    .         Harm     .   e - +0 pair of gloves
MR       ++...                  (no boots)
Stlth    ..........             g - amulet of the gourmand
Regen    0.3/turn               h - ring of protection from magic
MPRegen  0.2/turn               (no ring)

@: glowing
A: permanent stasis, dig shafts and tunnels, four strong arms, antennae 3
a: Dig, Shaft Self, Renounce Religion


You were on level 8 of the Dungeon.
You worshipped the Shining One.
The Shining One was aware of your devotion.
You were very full.

You visited 1 branch of the dungeon, and saw 8 of its levels.

You collected 366 gold pieces.

Inventory:

Hand Weapons
 a - a +1 war axe (weapon)
 C - a +3 scimitar of flaming
Missiles
 o - 6 javelins (quivered)
 t - 77 arrows
Armour
 c - a +1 shield (worn)
 e - a +0 pair of gloves (worn)
 k - a +0 chain mail (worn)
 z - a +0 cloak (worn)
Jewellery
 g - an amulet of the gourmand (around neck)
 h - a ring of protection from magic (left hand)
 x - an uncursed ring of fire
Wands
 p - a wand of confusion (25/48)
 q - a wand of paralysis (13/24)
 u - a wand of lightning (6/15)
 y - a wand of flame (26/48)
 D - a wand of polymorph (6/24)
Scrolls
 r - 5 scrolls of remove curse
 A - a scroll of enchant armour
 B - a scroll of vulnerability {unknown}
Potions
 b - 2 potions of mutation
 d - a potion of might
 i - 2 potions of flight
 m - 3 potions of curing
 n - 3 potions of heal wounds
 s - a potion of agility {unknown}
 v - a potion of degeneration {unknown}
 w - 2 potions of brilliance
Comestibles
 f - 7 bread rations
 j - 4 meat rations
 l - 5 royal jellies
 E - a chunk of flesh


   Skills:
 - Level 10.0 Fighting
 - Level 10.0 Axes
 * Level 3.5 Armour
 + Level 8.7 Shields
 * Level 6.8 Invocations


You had 8 spell levels left.
You knew the following spells:

 Your Spells              Type           Power        Failure   Level  Hunger
a - Sticks to Snakes      Tmut           #.......     99%         2    ###....


Dungeon Overview and Level Annotations

Branches:
Dungeon (8/15)             Temple (0/1) D:6            Lair (0/6) D:8

Altars:
Ashenzari
Gozag
Sif Muna
The Shining One

Annotations:
D:8 Grum


Innate Abilities, Weirdness & Mutations

You cannot be hasted, slowed, berserked, paralysed or teleported.
You can dig through walls and to a lower floor.
Your four strong arms can wield two-handed weapons with a shield.
You have a pair of large antennae on your head. (SInv)


Message History

* * * LOW HITPOINT WARNING * * *
Things that are here:
a wolf corpse x2
You barely miss Grum. You block Grum's attack.
You hit Grum.
Grum is lightly wounded.
Grum hits you with a spear!
* * * LOW HITPOINT WARNING * * *
You hit Grum but do no damage.
Grum is lightly wounded.
Grum snarls, "I'll squash you like a puppy."
Grum hits you with a spear.
* * * LOW HITPOINT WARNING * * *
You hit Grum.
Grum is moderately wounded.
You block Grum's attack.
You slash Grum!
Grum is heavily wounded.
Grum hits you with a spear.
You die...

... .. { .. # .## #. ...
#### ...##.###.##..# ...#...
#............# ...##.# #.#
...##.# #@# ...##.# ##g.#
#####.# #...# #_+...#
####...# ####..######......#
...#....##........##### {
...#.##..†.†..♣.♣.?...####..
...#.#.....†...P....{....g..
...#..P...P...P.......#.##..
...#..............P.### #
..........PP.P......#


You could see Grum.

Vanquished Creatures
  Erica (D:8)
  Maurice (D:8)
  Prince Ribbit (D:5)
  Grinder (D:3)
  A hippogriff (D:7)
  5 yaks (D:8)
  2 basilisks (D:8)
  A hungry ghost (D:7)
  3 porcupines (D:8)
  2 ice beasts
  3 sky beasts
  A black bear (D:7)
  3 ogres
  4 wolves (D:8)
  3 centaurs
  A crocodile (D:8)
  2 bullfrogs (D:7)
  Blork the orc (D:6)
  A scorpion (D:6)
  The ghost of ceb the Skirmisher, a weakling DsFi (D:3)
  4 howler monkeys
  A crimson imp (D:5)
  A bullfrog zombie (D:8)
  3 hounds
  A jelly (D:6)
  2 orc priests
  4 orc wizards
  4 iguanas
  5 worker ants
  A hound skeleton (D:5)
  6 gnolls
  8 adders
  A shadow imp (D:6)
  A white imp (D:4)
  3 adder skeletons
  5 worms
  2 dart slugs
  7 leopard geckos
  15 orcs
  2 giant cockroaches
  5 goblins
  6 hobgoblins
  3 jackals (D:1)
  11 kobolds
  A quokka (D:5)
  A ball python (D:3)
  A ball python skeleton (D:4)
  7 bats
  4 frilled lizards
  3 hobgoblin zombies (D:4)
  A kobold zombie (D:4)
  2 orc skeletons (D:4)
  An orc zombie (D:4)
  2 quokka skeletons
  6 rats
168 creatures vanquished.

Notes
Turn   | Place    | Note
-------+----------+-------------------------------------------
     0 | D:1      | hilaritas the Formicid Fighter began the quest for the Orb.
     0 | D:1      | Reached XP level 1. HP: 18/18 MP: 1/1
   275 | D:1      | Reached XP level 2. HP: 22/24 MP: 2/2
   784 | D:1      | Reached XP level 3. HP: 25/30 MP: 3/3
  1539 | D:3      | Reached XP level 4. HP: 37/37 MP: 4/4
  1688 | D:3      | Noticed Grinder
  1703 | D:3      | Killed Grinder
  1703 | D:3      | Reached XP level 5. HP: 9/43 MP: 5/5
  1703 | D:3      | Reached XP level 6. HP: 11/49 MP: 6/6
  1963 | D:3      | Reached skill level 5 in Axes
  2074 | D:3      | Noticed ceb's ghost (weakling DsFi)
  2087 | D:3      | Killed ceb's ghost
  2895 | D:4      | Reached XP level 7. HP: 55/55 MP: 7/7
  3078 | D:4      | Found a glowing golden altar of the Shining One.
  3098 | D:4      | Became a worshipper of the Shining One
  3339 | D:4      | Found a deep blue altar of Sif Muna.
  3382 | D:4      | Reached skill level 5 in Shields
  4043 | D:5      | Entered Level 5 of the Dungeon
  4284 | D:5      | Reached skill level 1 in Invocations
  4284 | D:5      | Reached XP level 8. HP: 54/61 MP: 7/9
  4337 | D:5      | Learned a level 2 spell: Sticks to Snakes
  4644 | D:5      | Noticed Prince Ribbit
  4653 | D:5      | HP: 4/61 [Prince Ribbit (14)]
  4655 | D:5      | Killed Prince Ribbit
  4655 | D:5      | Reached skill level 5 in Fighting
  5418 | D:6      | Found a staircase to the Ecumenical Temple.
  5597 | D:6      | Reached XP level 9. HP: 68/68 MP: 11/11
  5737 | D:6      | Noticed Blork the orc
  5743 | D:6      | Killed Blork the orc
  5925 | D:6      | Reached * piety under the Shining One
  6742 | D:7      | Noticed a hippogriff
  6747 | D:7      | Killed a hippogriff
  6747 | D:7      | Reached skill level 10 in Axes
  7105 | D:7      | Found an opulent altar of Gozag.
  7540 | D:8      | Reached XP level 10. HP: 79/79 MP: 13/13
  7551 | D:8      | Noticed Erica
  7555 | D:8      | Reached skill level 5 in Invocations
  7584 | D:8      | Killed Erica
  7880 | D:8      | Found a staircase to the Lair.
  7889 | D:8      | Found a shattered altar of Ashenzari.
  7931 | D:8      | Noticed Maurice
  7941 | D:8      | Killed Maurice
  8017 | D:8      | Reached skill level 10 in Fighting
  8049 | D:8      | Noticed Grum
  8062 | D:8      | Reached XP level 11. HP: 82/90 MP: 15/15
  8088 | D:8      | HP: 6/90 [Grum/spear (9)]
  8089 | D:8      | HP: 2/90 [Grum/spear (5)]
  8091 | D:8      | Slain by Grum

Skill      XL: |  1  2  3  4  5  6  7  8  9 10 |
---------------+-------------------------------+-----
Shields        | 4 5 6 8 |  8.7
Fighting       | 4 5 7 10 | 10.0
Axes           | 3 4 5 6 8 10 | 10.0
Invocations    | 1 2 4 6 |  6.8
Armour         | |  3.5

Action                   |  1- 3 |  4- 6 |  7- 9 | 10-12 || total
-------------------------+-------+-------+-------+-------++-------
Melee: War axe           |   101 |   132 |   262 |   106 ||   601
Throw: Javelin           |       |       |     2 |       ||     2
  Use: Scroll            |     3 |     3 |     7 |       ||    13
       Potion            |       |     1 |     1 |     1 ||     3
  Eat: Chunk             |     4 |    13 |    19 |     2 ||    38
Armor: Scale mail        |    56 |       |       |       ||    56
       Chain mail        |     1 |    60 |    79 |    27 ||   167
Dodge: Dodged            |    31 |    26 |    55 |    23 ||   135
Block: Shield            |    64 |    65 |   119 |    62 ||   310
